 Dungeon Crawl Stone Soup version 0.30.0-20-g3b4254fcbd (webtiles) character file.

Game seed: 10011390114461658681

44 Peloso the Covered (level 3, -1/33 HPs)
             Began as a Minotaur Fighter on June 2, 2023.
             Slain by Grinder (5 damage)
             ... on level 3 of the Dungeon.
             The game lasted 00:02:09 (1698 turns).

Peloso the Covered (Minotaur Fighter)               Turns: 1698, Time: 00:02:10

Health: -1/33      AC:  7    Str: 20    XL:     3   Next: 41%
Magic:  2/2        EV:  9    Int:  5    God:
Gold:   132        SH:  4    Dex: 11    Spells: 2/2 levels left

rFire   . . .        a - +0 long sword
rCold   . . .        d - +0 buckler
rNeg    . . .        b - +0 scale mail
rPois   .            (helmet restricted)
rElec   .            (no cloak)
rCorr   .            (no gloves)
SInv    .            (no boots)
Will    .....        (no amulet) Stlth
                     (no ring)
HPRegen 0.25/turn    (no ring)
MPRegen 0.08/turn

%: no passive effects
@: no status effects
A: horns 2, retaliatory headbutt
a: no special abilities


You were on level 3 of the Dungeon.
You visited 1 branch of the dungeon, and saw 3 of its levels.

You collected 132 gold pieces.

Inventory:

Hand Weapons
 a - a +0 long sword (weapon)
Armour
 b - a +0 scale mail (worn)
 d - a +0 buckler (worn)
Magical Staves
 c - a staff of fire
Jewellery
 h - a ring of wizardry
Scrolls
 f - a scroll of enchant armour {unknown}
 g - a scroll of enchant weapon {unknown}
Potions
 e - a potion of might
 i - a potion of invisibility


   Skills:
 + Level 4.2 Fighting
 + Level 2.9 Long Blades
 + Level 4.2 Armour
 + Level 0.4 Dodging
 + Level 0.1 Stealth
 + Level 4.0 Shields


You had 2 spell levels left.
You didn't know any spells.
Your spell library contained the following spells:

 Spells                   Type           Power      Damage    Failure   Level
 Sandblast                Erth           0%         2d4       88%         1
 Passwall                 Tmut/Erth      0%         N/A       95%         2
 Stone Arrow              Conj/Erth      0%         3d7       99%         3


Dungeon Overview and Level Annotations

Branches:
Dungeon (3/15)

Altars:
Gozag

Annotations:
D:3 Grinder


Innate Abilities, Weirdness & Mutations

You have a pair of horns on your head.
You reflexively headbutt those who attack you in melee.


Message History

The giant cockroach closely misses you.
You slash the giant cockroach!
You kill the giant cockroach!
You start removing your armour.
You continue taking off your +0 scale mail. x4
You finish taking off your +0 scale mail.
You drop a +0 scale mail.
b - a +0 scale mail You start removing your armour.
You continue taking off your +0 buckler. x4
You finish taking off your +0 buckler.
You drop a +0 buckler.
You drop a potion of might.
You see here a staff of fire.
c - a staff of fire You see here a potion of might.
You see here a +0 buckler.
d - a +0 buckler You see here a potion of might.
e - a potion of might You start putting on your armour.
You continue putting on your +0 scale mail. x4
You finish putting on your +0 scale mail.
You start putting on your armour.
You continue putting on your +0 buckler. x4
You finish putting on your +0 buckler.
Grinder comes into view.
Found 4 stones.
Grinder blinks!
Grinder moves out of view.
Grinder is nearby!
Grinder is nearby!
Grinder is nearby!
Grinder says, "Mostly I couldn't keep them alive."
Grinder hits you!
You writhe in agony.
You closely miss Grinder. Grinder hits you.
You writhe in agony.
You barely miss Grinder.
Grinder says, "Mostly I couldn't keep them alive."
You block Grinder's attack. Grinder hits you but does no damage.
You hit Grinder but do no damage. Grinder hits you!
* * * LOW HITPOINT WARNING * * *
You writhe in agony.
You die...

.....## ..... .(..#
..?. #...# ##..#
#...# ... #...# #5#
# #...# #@# #.#...#
#.###### ....
#......#####.#####
#.####..........<#
...####.#####.###.#
###.#..............#
#.#.##.##.....#..#
#.#.##.##.##......
#......##.##......


You could see Grinder.

Vanquished Creatures
  An adder (D:2)
  A worm (D:2)
  3 ball pythons
  3 endoplasms
  2 giant cockroaches
  A goblin (D:1)
  6 hobgoblins
  4 quokkas
  3 bats (D:2)
  A frilled lizard (D:2)
  A kobold (D:2)
  3 rats
29 creatures vanquished.

Notes
Turn   | Place    | Note
-------+----------+-------------------------------------------
     0 | D:1      | Peloso the Minotaur Fighter began the quest for the Orb.
     0 | D:1      | Reached XP level 1. HP: 19/19 MP: 0/0
   437 | D:1      | Reached XP level 2. HP: 26/27 MP: 1/1
  1110 | D:2      | Found a faded altar of an unknown god.
  1223 | D:2      | Reached XP level 3. HP: 30/33 MP: 2/2
  1429 | D:2      | Found an opulent altar of Gozag.
  1691 | D:3      | Noticed Grinder
  1698 | D:3      | Slain by Grinder

Illustrated notes

Levels and vault maps discovered:
D:1:      doesnt_arrival_eight_statues, layout_basic, minmay_misc_feat_five,
          st_stairs_9, roderic_serpentine_path
D:2:      layout_loops_ring, basic_altar, basic_ecumenical_altar
D:3:      layout_loops_cross, uniq_jessica, uniq_ijyb, uniq_grinder

Skill      XL: |  1  2  3 |
---------------+----------+-----
Armour         | 4 |  4.2
Fighting       | 4 |  4.2
Shields        | 4 |  4.0
Long Blades    | |  2.9
Dodging        | |  0.4
Stealth        | |  0.1

Action                     || total
---------------------------++-------
  Melee: Long sword        ||    73
         Headbutt          ||    12
    Use: Scroll            ||     4
 Armour: Scale mail        ||    27
  Dodge: Dodged            ||    34
  Block: Buckler           ||    17
